 Dungeon Crawl Stone Soup version 0.30-a0-2-gf48d83f5e2 (webtiles) character file.

Game seed: 6250746684889901934

811 Turgor the Grasshopper (level 7, 0/75 (84) HPs)
             Began as a Gnoll Warper on Aug 19, 2022.
             Succumbed to a scorpion's poison
             ... on level 5 of the Dungeon.
             The game lasted 00:18:41 (7491 turns).

Turgor the Grasshopper (Gnoll Warper)               Turns: 7491, Time: 00:18:42

HP:   0/75 (84)     AC:  5    Str: 12    XL:     7   Next: 93%
MP:   15/15         EV: 14    Int: 13    God:
Gold: 259           SH:  0    Dex: 17    Spells: 7/17 levels left

rFire   . . .      SeeInvis .    l - +2 falchion (venom)
rCold   . . .      Faith    .    (no shield)
rNeg    . . .      Spirit   .    b - +0 leather armour
rPois   .          Reflect  .    (no helmet)
rElec   .          Harm     .    r - +0 cloak
rCorr   +          Rampage  .    w - +0 pair of gloves
Will    .....                    (no boots)
Stlth   ..........               k - amulet of magic regeneration
HPRegen 0.22/turn                c - +6 ring of dexterity
MPRegen 0.54/turn                i - ring of resist corrosion

@: berserking, lethally poisoned (0 -> -14), hasted, heavily drained, very quick
A: fangs 1, strong nose, distributed training
a: no special abilities


You were on level 5 of the Dungeon.
You visited 2 branches of the dungeon, and saw 6 of its levels.

You collected 259 gold pieces.

Inventory:

Hand Weapons
 a - a +0 hand axe
 l - a +2 falchion of venom (weapon)
Missiles
 d - 3 boomerangs of dispersal
 s - 9 poisoned darts (quivered)
Armour
 b - a +0 leather armour (worn)
 r - a +0 cloak (worn)
 w - a +0 pair of gloves (worn)
Jewellery
 c - a +6 ring of dexterity (left hand)
 h - a +4 ring of evasion
 i - a ring of resist corrosion (right hand)
 k - an amulet of magic regeneration (around neck)
 p - a ring of protection from cold
 v - a ring of poison resistance
Scrolls
 m - a scroll of enchant armour {unknown}
 n - a scroll of teleportation {unknown}
 t - a scroll of vulnerability {unknown}
Potions
 e - a potion of resistance
 j - a potion of mutation
 o - a potion of flight
 q - a potion of berserk rage
 u - a potion of brilliance {unknown}
 x - a potion of degeneration {unknown}


   Skills:
 + Level 5.4 Fighting
 + Level 2.9 Short Blades
 + Level 2.9 Long Blades
 + Level 5.4 Axes
 + Level 2.9 Maces & Flails
 + Level 2.9 Polearms
 + Level 2.9 Staves
 + Level 2.9 Ranged Weapons
 + Level 3.9 Throwing
 + Level 3.9 Armour
 + Level 5.4 Dodging
 + Level 2.9 Stealth
 + Level 2.9 Shields
 + Level 2.9 Unarmed Combat
 + Level 5.8 Spellcasting
 + Level 2.3 Conjurations
 + Level 2.3 Hexes
 + Level 2.3 Summonings
 + Level 2.3 Necromancy
 + Level 6.0 Translocations
 + Level 2.3 Transmutations
 + Level 2.3 Fire Magic
 + Level 2.3 Ice Magic
 + Level 2.3 Air Magic
 + Level 2.3 Earth Magic
 + Level 2.3 Poison Magic
 + Level 3.2 Invocations
 + Level 2.9 Evocations


You had 7 spell levels left.
You knew the following spells:

 Your Spells              Type           Power      Damage    Failure   Level
a - Blink                 Tloc           38%        N/A       2%          2
b - Lesser Beckoning      Tloc           19%        N/A       5%          3
c - Manifold Assault      Tloc           19%        N/A       45%         5

Your spell library contained the following spells:

 Spells                   Type           Power      Damage    Failure   Level
 Gell's Gravitas          Tloc           19%        N/A       5%          3
 Teleport Other           Tloc           19%        N/A       5%          3
 Dispersal                Tloc           9%         N/A       96%         6


Dungeon Overview and Level Annotations

Branches:
Dungeon (5/15)             Temple (1/1) D:4

Altars:
Ashenzari
Dithmenos
Elyvilon
Fedhas
Gozag
Hepliaklqana
Kikubaaqudgha
Makhleb
Nemelex Xobeh
Okawaru
Qazlal
Ru
Trog
Wu Jian
Xom
Yredelemnul
Zin
The Shining One

Shops:
D:5 :

Annotations:
D:5 3 runed translucent doors, Nebesus's ghost, novice NaNe


Innate Abilities, Weirdness & Mutations

You have very sharp teeth.
Your uncanny sense of smell can sniff out nearby items.
Your experience applies equally to all skills.


Message History

The scorpion stings you.
You are poisoned.
The scorpion poisons you! The scorpion stings you.
You are more poisoned.
The scorpion poisons you!
You feel yourself speed up.
You feel very sick. The scorpion misses you.
It was a potion of berserk rage.
A red film seems to cover your vision as you go berserk!
You feel yourself moving faster!
You feel mighty!
You feel very sick. The scorpion stings you.
You are more poisoned.
The scorpion poisons you! The scorpion barely misses you.
You hit the scorpion. You bite the scorpion.
The scorpion is almost dead.
You feel very sick. The iguana misses you. The scorpion closely misses you.
The scorpion stings you.
You slash the scorpion!
You kill the scorpion!
* * * LOW HITPOINT WARNING * * *
You feel very sick. The iguana bites you!
* * * LOW HITPOINT WARNING * * *
The scorpion stings you.
* * * LOW HITPOINT WARNING * * *
Your Translocations skill increases to level 6!
You slash the scorpion!
The scorpion is poisoned.
Your bite misses the scorpion.
The scorpion is heavily wounded.
* * * LOW HITPOINT WARNING * * *
You feel sick.
The iguana hisses menacingly.
The iguana bites you.
* * * LOW HITPOINT WARNING * * *
You barely miss the scorpion.
The scorpion is severely wounded.
You die...

.. #####.# #.....# #.....#
#. .#### #.....#
#.##....###.....#
..####.....l..(#
#.##......@.# #
###.#..##...!s##
#####.........##...####
......#..#....#..[......
........................
########.#....##+++##... #
#....###WKKK.##.. ##
#..#.##K#KK.#.#######
.#######..#..#KK#.#.⌠#.....#


You could see a kobold brigand, a scorpion (very poisoned), an iguana, Nebesus's
ghost and 5 kobolds.

Vanquished Creatures
  Sigmund (D:3)
  A black bear (D:4)
  An ogre (D:5)
  2 scorpions
  A wight (D:5)
  An orc priest (D:4)
  2 jellies
  2 iguanas (D:4)
  An orc wizard (D:4)
  A gnoll (D:1)
  5 adders
  3 worms
  4 dart slugs
  4 orcs
  4 bats
  6 endoplasms
  6 giant cockroaches
  6 goblins
  7 hobgoblins
  6 kobolds
  2 quokkas (D:2)
  10 ball pythons
  4 frilled lizards
  A rat (D:1)
81 creatures vanquished.

Notes
Turn   | Place    | Note
-------+----------+-------------------------------------------
     0 | D:1      | Turgor the Gnoll Warper began the quest for the Orb.
     0 | D:1      | Reached XP level 1. HP: 20/20 MP: 6/6
   353 | D:1      | Reached XP level 2. HP: 23/26 MP: 7/7
   392 | D:1      | Learned a level 2 spell: Blink
   469 | D:1      | Found a faded altar of an unknown god.
  1009 | D:1      | Reached skill level 5 in Spellcasting
  1009 | D:1      | Reached XP level 3. HP: 30/31 MP: 7/9
  1305 | D:2      | Reached skill level 1 in Invocations
  1462 | D:2      | Reached skill level 1 in Short Blades
  1462 | D:2      | Reached skill level 1 in Long Blades
  1462 | D:2      | Reached skill level 1 in Maces & Flails
  1462 | D:2      | Reached skill level 1 in Polearms
  1462 | D:2      | Reached skill level 1 in Staves
  1462 | D:2      | Reached skill level 1 in Ranged Weapons
  1462 | D:2      | Reached skill level 1 in Stealth
  1462 | D:2      | Reached skill level 1 in Shields
  1462 | D:2      | Reached skill level 1 in Unarmed Combat
  1462 | D:2      | Reached skill level 1 in Evocations
  1466 | D:2      | Learned a level 3 spell: Lesser Beckoning
  1889 | D:2      | Reached XP level 4. HP: 34/38 MP: 11/11
  2191 | D:2      | Reached skill level 1 in Conjurations
  2191 | D:2      | Reached skill level 1 in Hexes
  2191 | D:2      | Reached skill level 1 in Summonings
  2191 | D:2      | Reached skill level 1 in Necromancy
  2191 | D:2      | Reached skill level 1 in Transmutations
  2191 | D:2      | Reached skill level 1 in Fire Magic
  2191 | D:2      | Reached skill level 1 in Ice Magic
  2191 | D:2      | Reached skill level 1 in Air Magic
  2191 | D:2      | Reached skill level 1 in Earth Magic
  2191 | D:2      | Reached skill level 1 in Poison Magic
  3769 | D:3      | Noticed Sigmund
  3795 | D:3      | Killed Sigmund
  3796 | D:3      | Reached skill level 5 in Fighting
  3796 | D:3      | Reached skill level 5 in Axes
  3796 | D:3      | Reached skill level 5 in Dodging
  3796 | D:3      | Reached XP level 5. HP: 25/44 MP: 12/12
  3796 | D:3      | Reached XP level 6. HP: 30/51 MP: 14/14
  3806 | D:3      | Learned a level 5 spell: Manifold Assault
  4314 | D:4      | Noticed a black bear
  4515 | D:4      | Found a staircase to the Ecumenical Temple.
  4521 | Temple   | Entered the Ecumenical Temple
  5192 | D:4      | Reached XP level 7. HP: 56/56 MP: 15/15
  5832 | D:5      | Entered Level 5 of the Dungeon
  6887 | D:5      | HP: 1/40 [ogre/+0 giant club (24)]
  7196 | D:5      | Found Gedois's Book Emporium.
  7473 | D:5      | Found a runed translucent gate.
  7473 | D:5      | Noticed Nebesus's ghost (novice NaNe)
  7474 | D:5      | Found a runed translucent gate.
  7475 | D:5      | Found a runed translucent gate.
  7490 | D:5      | Reached skill level 6 in Translocations
  7490 | D:5      | HP: 3/75 [iguana (2)]
  7491 | D:5      | Succumbed to a scorpion's poison

Illustrated notes

Levels and vault maps discovered:
D:1:      scummos_arrival_simple_fountains, layout_basic,
          dilly_ecumenical_altar_fadedgnrine, minmay_misc_feat_secret_circle,
          lemuel_old_faithful
D:2:      layout_basic
D:3:      layout_basic, uniq_sigmund
D:4:      layout_gridville, minmay_temple_entry_tees, amethyst_killhole
D:5:      kennysheep_windowed_halls, layout_rooms, serial_shops, shop_fountains,
          gammafunk_ghost_nasty_kobolds
Temple:   dpeg_three_leaves_temple

Skill      XL: |  1  2  3  4  5  6  7 |
---------------+----------------------+-----
Spellcasting   | 5 |  5.8
Invocations    | 1 2 3 |  3.2
Short Blades   | 1 2 |  2.9
Long Blades    | 1 2 |  2.9
Maces & Flails | 1 2 |  2.9
Polearms       | 1 2 |  2.9
Staves         | 1 2 |  2.9
Ranged Weapons | 1 2 |  2.9
Stealth        | 1 2 |  2.9
Shields        | 1 2 |  2.9
Unarmed Combat | 1 2 |  2.9
Evocations     | 1 2 |  2.9
Conjurations   | 1 2 |  2.3
Hexes          | 1 2 |  2.3
Summonings     | 1 2 |  2.3
Necromancy     | 1 2 |  2.3
Transmutations | 1 2 |  2.3
Fire Magic     | 1 2 |  2.3
Ice Magic      | 1 2 |  2.3
Air Magic      | 1 2 |  2.3
Earth Magic    | 1 2 |  2.3
Poison Magic   | 1 2 |  2.3
Fighting       | 5 |  5.4
Axes           | 5 |  5.4
Throwing       | 3 |  3.9
Armour         | 3 |  3.9
Dodging        | 5 |  5.4
Translocations | 6 |  6.0

Action                   |  1- 3 |  4- 6 |  7- 9 || total
-------------------------+-------+-------+-------++-------
Melee: Hand axe          |   111 |    69 |       ||   180
       Bite              |    12 |    15 |     5 ||    32
       Falchion          |       |    47 |    61 ||   108
       Punch             |       |     6 |     1 ||     7
Throw: Dart              |       |     9 |    13 ||    22
       Boomerang         |       |     2 |     2 ||     4
 Cast: Blink             |       |       |     5 ||     5
  Use: Scroll            |       |     4 |     3 ||     7
       Potion            |       |     1 |     3 ||     4
 Stab: Sleeping          |       |     3 |       ||     3
Armor: Leather armour    |    20 |     7 |    10 ||    37
Dodge: Dodged            |    65 |    88 |    52 ||   205

Table legend: (Time is in decaauts)
 A = Elapsed time spent in this place.
 B = Non-inter-level travel time spent in this place.
 C = Inter-level travel time spent in this place.
 D = Time resting spent in this place.
 E = Time spent auto-exploring this place.
 F = Levels seen in this place.
 G = Mean time per level.
                   A        B        C        D        E       F      G
               +--------+--------+--------+--------+--------+-----+--------+
         Total |   7521 |   7323 |    198 |   1787 |   4304 |   6 | 1253.5 |
       Dungeon |   7441 |   7257 |    184 |   1787 |   4246 |   5 | 1488.2 |
        Temple |     79 |     65 |     14 |      0 |     58 |   1 |   79.0 |
               +--------+--------+--------+--------+--------+-----+--------+

Top non-repeatable levels by time:
     D:4: 2742 daAuts
     D:2: 1744 daAuts
     D:3: 1516 daAuts
     D:1: 1159 daAuts
     D:5: 279 daAuts
  Temple: 79 daAuts
